 Dungeon Crawl Stone Soup version 0.27-a0-909-g0721f309d1 (webtiles) character file.

Game seed: 10228550008388250893

28 night the Magician (level 3, 0/27 HPs)
             Began as a Djinni Earth Elementalist on Apr 8, 2021.
             Killed from afar by a dart slug (7 damage)
             ... with a slug dart
             ... on level 1 of the Dungeon.
             The game lasted 00:02:56 (804 turns).

night the Magician (Djinni Earth Elementalist)       Turns: 804, Time: 00:02:56

Health: 0/27       AC:  2    Str:  7    XL:     3   Next: 14%
Gold:   66         EV: 12    Int: 17    God:
                   SH:  0    Dex: 13

rFire    + + .     SeeInvis .   d - +0 short sword
rCold    x . .     Faith    .   (no shield)
rNeg     . . .     Spirit   .   c - +0 robe
rPois    ∞         Reflect  .   (no helmet)
rElec    .         Harm     .   (no cloak)
rCorr    .         Rampage  .   (no gloves)
Will     .....                  (boots unavailable)
Stlth    ++........             (no amulet)
HPRegen  0.09/turn              (no ring)
MPRegen  0.00/turn              (no ring)

@: flying
A: fire resistance 2, cold vulnerability 1, float, innate caster, hp casting,
extra vitality 1
a: no special abilities


You were on level 1 of the Dungeon.
You visited 1 branch of the dungeon, and saw 1 of its levels.

You collected 97 gold pieces.
You spent 31 gold pieces at shops.

Inventory:

Hand Weapons
 a - a +0 hunting sling
 d - a +0 short sword (weapon)
Missiles
 b - 22 stones
Armour
 c - a +0 robe (worn)
Scrolls
 f - a scroll of noise {unknown}
 g - 2 scrolls of enchant armour {unknown}
Potions
 e - a potion of brilliance {unknown}


   Skills:
 + Level 1.1 Fighting
 + Level 2.7 Dodging
 - Level 1.5 Stealth
 * Level 3.2 Spellcasting


You couldn't memorise any spells.
You knew the following spells:

 Your Spells              Type           Power      Damage    Failure   Level
a - Sandblast             Erth           26%        2d8       4%          1
b - Passwall              Tmut/Erth      10%        N/A       7%          2
c - Stone Arrow           Conj/Erth      26%        3d8       14%         3
d - Petrify               Tmut/Erth      13%        N/A       41%         4
e - Lee's Rapid Deconstr  Erth           6%         3d7*      77%         5
f - Animate Skeleton      Necr           26%        N/A       4%          1
Your spell library was empty.

Dungeon Overview and Level Annotations

Branches:
Dungeon (1/15)

Altars:

Shops:
D:1 *


Innate Abilities, Weirdness & Mutations

You are immune to poison.
Your flesh is very heat resistant. (rF++)
You are vulnerable to cold. (rC-)
You float through the air rather than walking.
You learn spells naturally, not from books.
Your magical power is your life essence.
You have superior vitality. (+4 HP)


Message History

Confirm with . or Enter, or press ? or * to list all spells.
Aiming: Sandblast (safe; 4% risk of failure)
Press: ? - help, Shift-Dir - straight line, f - kobold
Aim: a kobold, wielding a +0 short sword (26% to evade)
The blast of sand hits the kobold.
You kill the kobold!
Casting: Sandblast (safe; 4% risk of failure)
Confirm with . or Enter, or press ? or * to list all spells.
Aiming: Sandblast (safe; 4% risk of failure)
Press: ? - help, Shift-Dir - straight line, f - ball python
Aim: a ball python (23% to evade)
The blast of sand hits the ball python!
You kill the ball python!
You see here a ball python corpse.
Things that are here:
a +0 short sword; a kobold corpse; a ball python corpse You start resting.
A dart slug comes into view.
Casting: Sandblast (safe; 4% risk of failure)
Confirm with . or Enter, or press ? or * to list all spells.
You attempt to give life to the dead...
Before your eyes, flesh is ripped from the corpse!
The dead are walking!
Casting: Animate Skeleton (safe; 4% risk of failure)
Confirm with . or Enter, or press ? or * to list all spells.
You attempt to give life to the dead...
Before your eyes, flesh is ripped from the corpse!
The dead are slithering!
Casting: Animate Skeleton (safe; 4% risk of failure)
Confirm with . or Enter, or press ? or * to list all spells.
You attempt to give life to the dead...
Before your eyes, flesh is ripped from the corpse!
The dead are slithering!
The dart slug launches a dart at you. The slug dart hits you.
* * * LOW HITPOINT WARNING * * *
You swap places.
The dart slug launches a dart at you. The slug dart hits you!
You die...

#.# ...... ##.#
w....# ...####
#####....# ......#
#........# ...##.#
#..Z.Z..#......
......#
#.......+......
...#### #..Z..#
#...... )###
#....)# #..... †#
#...@.# #... .#
#....##.####.# .#
#.## #.†....# ♣# #
####...# ## ♣
#...### #. ♣
####.....# ######.
..........# #....#.
..........###.##.#.
#..................


You could see a dart slug (ally target), 2 friendly ball python skeletons and a
friendly kobold skeleton.

Vanquished Creatures
  2 endoplasms (D:1)
  2 hobgoblins (D:1)
  2 jackals (D:1)
  4 kobolds (D:1)
  A quokka (D:1)
  2 ball pythons (D:1)
  5 bats (D:1)
  2 frilled lizards (D:1)
  2 goblins (D:1)
  5 rats (D:1)
27 creatures vanquished.

Vanquished Creatures (collateral kills)
  A ball python (D:1)
1 creature vanquished.

Grand Total: 28 creatures vanquished

Notes
Turn   | Place    | Note
-------+----------+-------------------------------------------
     0 | D:1      | night the Djinni Earth Elementalist began the quest for the
                  | Orb.
     0 | D:1      | Reached XP level 1. HP: 15/15 MP: 0/0
   246 | D:1      | Reached XP level 2. HP: 16/22 MP: 0/0
   283 | D:1      | Reached skill level 3 in Spellcasting
   627 | D:1      | Found Piorryom's General Store.
   699 | D:1      | Bought 29 stones for 31 gold pieces
   769 | D:1      | Reached skill level 1 in Fighting
   777 | D:1      | Reached XP level 3. HP: 18/27 MP: 0/0
   777 | D:1      | Learned a level 1 spell: Animate Skeleton
   804 | D:1      | Killed from afar by a dart slug

Illustrated notes

Levels and vault maps discovered:
D:1:      sevenhm_arrival_forest_fort_small_3, layout_basic, serial_shops,
          shop_coins

Skill      XL: |  1  2 |
---------------+-------+-----
Spellcasting   | 3 |  3.2
Fighting       | 1 |  1.1
Dodging        | |  2.7
Stealth        | |  1.5

Action                   || total
-------------------------++-------
Melee: Short sword       ||     6
 Cast: Sandblast         ||    37
       Passwall          ||     1
       Animate Skeleton  ||     5
Armor: Robe              ||     7
Dodge: Dodged            ||    16

Table legend: (Time is in decaauts)
 A = Elapsed time spent in this place.
 B = Non-inter-level travel time spent in this place.
 C = Inter-level travel time spent in this place.
 D = Time resting spent in this place.
 E = Time spent auto-exploring this place.
 F = Levels seen in this place.
 G = Mean time per level.
                   A        B        C        D        E       F      G
               +--------+--------+--------+--------+--------+-----+--------+
         Total |    804 |    794 |     10 |    311 |    341 |   1 |  804.0 |
       Dungeon |    804 |    794 |     10 |    311 |    341 |   1 |  804.0 |
               +--------+--------+--------+--------+--------+-----+--------+

Top non-repeatable levels by time:
     D:1: 804 daAuts
